 Dungeon Crawl Stone Soup version 0.28-a0-662-g1651b1f1e0 (webtiles) character file.

Game seed: 10819117672707784490

176 tilp the Magician (level 5, -1/37 HPs)
             Began as a Gnoll Hedge Wizard on Oct 14, 2021.
             Was a Believer of Zin.
             Slain by an orc (2 damage)
             ... on level 3 of the Dungeon.
             The game lasted 00:08:50 (6102 turns).

tilp the Magician (Gnoll Hedge Wizard)              Turns: 6102, Time: 00:08:50

Health: -1/37      AC:  6    Str:  9    XL:     5   Next: 56%
Magic:  10/14      EV: 11    Int: 15    God:    Zin [**....]
Gold:   218        SH:  0    Dex: 11    Spells: 11/18 levels left

rFire   + . .      SeeInvis .   j - staff of fire
rCold   . . .      Faith    .   (no shield)
rNeg    . . .      Spirit   .   i - +1 ring mail
rPois   .          Reflect  .   c - +0 hat
rElec   .          Harm     .   w - scarf {repulsion}
rCorr   .          Rampage  .   (no gloves)
Will    .....                   (no boots)
Stlth   ++........              h - amulet of the acrobat
HPRegen 0.12/turn               (no ring)
MPRegen 0.14/turn               (no ring)

@: repel missiles
A: fangs 1, strong nose, distributed training
a: Renounce Religion, Recite, Vitalisation, Donate Gold


You were on level 3 of the Dungeon.
You worshipped Zin.
Zin was pleased with you.
You visited 1 branch of the dungeon, and saw 4 of its levels.
You also visited: Sewer.

You collected 242 gold pieces.
You donated 24 gold pieces to Zin.

Inventory:

Missiles
 a - 3 boomerangs
 d - 79 stones
 g - 59 bolts
 m - 14 arrows
 o - 14 poisoned darts (quivered)
 q - 13 sling bullets
Armour
 b - a +0 robe
 c - a +0 hat (worn)
 i - a +1 ring mail (worn)
 w - a scarf of repulsion (worn)
Magical Staves
 j - a staff of fire (weapon)
Jewellery
 h - an amulet of the acrobat (around neck)
Scrolls
 f - a scroll of teleportation
 t - a scroll of enchant weapon
Potions
 e - a potion of invisibility
 k - 5 potions of flight
 l - 2 potions of cancellation
 n - a potion of lignification {unknown}
 p - a potion of brilliance {unknown}
 r - a potion of curing {unknown}


   Skills:
 + Level 1.5 Fighting
 + Level 1.5 Short Blades
 + Level 1.5 Long Blades
 + Level 1.5 Axes
 + Level 1.5 Maces & Flails
 + Level 1.5 Polearms
 + Level 1.5 Staves
 + Level 1.5 Slings
 + Level 1.5 Bows
 + Level 1.5 Crossbows
 + Level 1.5 Throwing
 + Level 1.5 Armour
 + Level 4.8 Dodging
 + Level 4.4 Stealth
 + Level 1.5 Shields
 + Level 1.5 Unarmed Combat
 + Level 7.3 Spellcasting
 + Level 2.4 Conjurations
 + Level 1.2 Hexes
 + Level 2.4 Summonings
 + Level 1.2 Necromancy
 + Level 2.4 Translocations
 + Level 1.2 Transmutations
 + Level 1.2 Fire Magic
 + Level 1.2 Ice Magic
 + Level 1.2 Air Magic
 + Level 1.2 Earth Magic
 + Level 1.2 Poison Magic
 + Level 1.7 Invocations
 + Level 1.5 Evocations


You had 11 spell levels left.
You knew the following spells:

 Your Spells              Type           Power      Damage    Failure   Level
a - Magic Dart            Conj           48%        1d5       13%         1
b - Call Imp              Summ           12%        N/A       19%         2
c - Blink                 Tloc           N/A        N/A       19%         2
d - Slow                  Hex            9%         N/A       32%         2

Your spell library contained the following spells:

 Spells                   Type           Power      Damage    Failure   Level
 Pain                     Necr           36%        1d5       22%         1
 Sandblast                Erth           18%        2d7       22%         1
 Passwall                 Tmut/Erth      7%         N/A       32%         2
 Conjure Flame            Conj/Fire      16%        6-21      43%         3
 Stone Arrow              Conj/Erth      22%        3d8       43%         3
 Mephitic Cloud           Conj/Pois/Air  10%        N/A       47%         3
 Ignite Poison            Fire/Tmut/Pois 13%        N/A       54%         3
 Simulacrum               Ice/Necr       4%         N/A       100%        6
 Haunt                    Necr/Summ      5%         N/A       100%        7


Dungeon Overview and Level Annotations

Branches:
Dungeon (4/15)              Sewer (visited)
 Temple: D:4-7

Altars:
Trog
Zin


Innate Abilities, Weirdness & Mutations

You have very sharp teeth.
Your uncanny sense of smell can sniff out nearby items.
Your experience applies equally to all skills.


Message History

The orc hits you with a +0 mace.
* * * LOW HITPOINT WARNING * * *
You closely miss the orc. You bite the orc, but do no damage.
The orc is heavily wounded.
The orc hits you but does no damage.
You closely miss the orc.
The orc is heavily wounded.
The orc hits you but does no damage.
You hit the orc. You bite the orc, but do no damage.
The orc is severely wounded.
The orc hits you with a +0 mace.
* * * LOW HITPOINT WARNING * * *
You barely miss the orc. You bite the orc, but do no damage.
The orc is severely wounded.
The orc closely misses you.
You hit the orc but do no damage.
The orc is severely wounded.
The orc hits you with a +0 mace.
* * * LOW HITPOINT WARNING * * *
You hit the orc but do no damage.
The orc is severely wounded.
The orc hits you but does no damage.
You hit the orc but do no damage.
The orc is severely wounded.
The orc hits you with a +0 mace.
* * * LOW HITPOINT WARNING * * *
You hit the orc but do no damage.
The orc is severely wounded.
The orc hits you but does no damage.
You hit the orc but do no damage. You burn the orc.
The orc is almost dead.
The orc barely misses you. The orc hits you but does no damage.
You hit the orc but do no damage.
The orc is almost dead.
The orc hits you with a +0 mace.
* * * LOW HITPOINT WARNING * * *
You barely miss the orc. You bite the orc, but do no damage.
The orc is almost dead.
The orc hits you with a +0 mace.
You die...

#.# #.....# #...#.##>..
#.# #.###.# #...#+##...
#.# ##+#...####..........
#.# #....................
#.# #.....####...........
#.# #..................#.
#.# #..........<.........
#.# ##+#+######+#........
#.# #.#@#......#........
#.# #.#.o...............
#.####.#..........#'##...
#....#.#............#####
####.#............)......
#.##...###............
#.......##............
####....##...#........
#.........#........


You could see an orc.

Vanquished Creatures
  A jelly (D:4)
  3 adders
  A river rat (D:4)
  4 worms (Sewer)
  A dart slug (D:1)
  2 orcs (D:3)
  7 endoplasms
  7 giant cockroaches
  4 goblins
  7 hobgoblins
  6 jackals
  8 quokkas
  5 ball pythons
  11 bats
  2 frilled lizards (D:1)
  10 kobolds
  8 rats
87 creatures vanquished.

Notes
Turn   | Place    | Note
-------+----------+-------------------------------------------
     0 | D:1      | tilp the Gnoll Hedge Wizard began the quest for the Orb.
     0 | D:1      | Reached XP level 1. HP: 13/13 MP: 8/8
   232 | D:1      | Reached XP level 2. HP: 19/19 MP: 2/10
   325 | D:1      | Learned a level 2 spell: Call Imp
   328 | D:1      | Learned a level 2 spell: Blink
   331 | D:1      | Learned a level 2 spell: Slow
   901 | D:1      | Reached XP level 3. HP: 25/25 MP: 7/11
  1920 | D:2      | Reached skill level 1 in Invocations
  2106 | D:2      | Found a faded altar of an unknown god.
  2517 | D:3      | Reached skill level 1 in Fighting
  2517 | D:3      | Reached skill level 1 in Short Blades
  2517 | D:3      | Reached skill level 1 in Long Blades
  2517 | D:3      | Reached skill level 1 in Axes
  2517 | D:3      | Reached skill level 1 in Maces & Flails
  2517 | D:3      | Reached skill level 1 in Polearms
  2517 | D:3      | Reached skill level 1 in Staves
  2517 | D:3      | Reached skill level 1 in Slings
  2517 | D:3      | Reached skill level 1 in Bows
  2517 | D:3      | Reached skill level 1 in Crossbows
  2517 | D:3      | Reached skill level 1 in Throwing
  2517 | D:3      | Reached skill level 1 in Armour
  2517 | D:3      | Reached skill level 1 in Shields
  2517 | D:3      | Reached skill level 1 in Unarmed Combat
  2517 | D:3      | Reached skill level 1 in Evocations
  2590 | D:3      | Found a glowing silver altar of Zin.
  2656 | D:3      | Found a bloodstained altar of Trog.
  2750 | D:3      | Reached XP level 4. HP: 30/32 MP: 13/13
  3103 | D:3      | HP: 1/32 [poisoned by an adder]
  3466 | D:3      | Became a worshipper of Zin the Law-Giver
  3466 | D:3      | Reached * piety under Zin
  3516 | D:4      | Got the Reference Book on Mutagenic Darkness
  3533 | D:4      | Reached skill level 1 in Hexes
  3533 | D:4      | Reached skill level 1 in Necromancy
  3533 | D:4      | Reached skill level 1 in Transmutations
  3533 | D:4      | Reached skill level 1 in Fire Magic
  3533 | D:4      | Reached skill level 1 in Ice Magic
  3533 | D:4      | Reached skill level 1 in Air Magic
  3533 | D:4      | Reached skill level 1 in Earth Magic
  3533 | D:4      | Reached skill level 1 in Poison Magic
  3559 | D:4      | Reached XP level 5. HP: 6/37 MP: 3/14
  3785 | D:4      | Found a glowing drain.
  3789 | Sewer    | Entered a sewer
  4691 | Sewer    | HP: 1/37 [endoplasm (2)]
  5788 | D:4      | Reached ** piety under Zin
  6101 | D:3      | HP: 1/37 [orc (6)]
  6102 | D:3      | Slain by an orc

Illustrated notes

Levels and vault maps discovered:
D:1:      arrival_zaba_pyramid, layout_basic
D:2:      layout_rooms, chequers_ecumenical_altar_lobes
D:3:      layout_basic, mainiacjoe_overflow_concentric_impassable,
          mainiacjoe_overflow_tiny_flanked
D:4:      layout_rooms, lemuel_coloured_pillars_altar, gup_sewer_entry_bowl

Skill      XL: |  1  2  3  4 |
---------------+-------------+-----
Conjurations   | 2 |  2.4
Summonings     | 2 |  2.4
Translocations | 2 |  2.4
Invocations    | 1 |  1.7
Fighting       | 1 |  1.5
Short Blades   | 1 |  1.5
Long Blades    | 1 |  1.5
Axes           | 1 |  1.5
Maces & Flails | 1 |  1.5
Polearms       | 1 |  1.5
Staves         | 1 |  1.5
Slings         | 1 |  1.5
Bows           | 1 |  1.5
Crossbows      | 1 |  1.5
Throwing       | 1 |  1.5
Armour         | 1 |  1.5
Shields        | 1 |  1.5
Unarmed Combat | 1 |  1.5
Evocations     | 1 |  1.5
Hexes          | 1 |  1.2
Necromancy     | 1 |  1.2
Transmutations | 1 |  1.2
Fire Magic     | 1 |  1.2
Ice Magic      | 1 |  1.2
Air Magic      | 1 |  1.2
Earth Magic    | 1 |  1.2
Poison Magic   | 1 |  1.2
Dodging        | |  4.8
Stealth        | |  4.4
Spellcasting   | |  7.3

Action                   |  1- 3 |  4- 6 || total
-------------------------+-------+-------++-------
Melee: War axe           |    25 |    33 ||    58
       Bite              |     1 |    25 ||    26
       Staff             |       |   237 ||   237
 Cast: Magic Dart        |    91 |    69 ||   160
       Blink             |       |     1 ||     1
Evoke: Wand              |       |     3 ||     3
  Use: Scroll            |     5 |     6 ||    11
       Potion            |       |     2 ||     2
 Stab: Sleeping          |     2 |     2 ||     4
Armor: Ring mail         |    18 |   136 ||   154
Dodge: Dodged            |    21 |   306 ||   327

Table legend: (Time is in decaauts)
 A = Elapsed time spent in this place.
 B = Non-inter-level travel time spent in this place.
 C = Inter-level travel time spent in this place.
 D = Time resting spent in this place.
 E = Time spent auto-exploring this place.
 F = Levels seen in this place.
 G = Mean time per level.
                   A        B        C        D        E       F      G
               +--------+--------+--------+--------+--------+-----+--------+
         Total |   6328 |   6074 |    254 |   1239 |   3630 |   5 | 1265.6 |
       Dungeon |   4255 |   4001 |    254 |    358 |   3024 |   4 | 1063.8 |
         Sewer |   2073 |   2073 |      0 |    881 |    605 |   1 | 2073.0 |
               +--------+--------+--------+--------+--------+-----+--------+

Top non-repeatable levels by time:
   Sewer: 2073 daAuts
     D:1: 1612 daAuts
     D:3: 1348 daAuts
     D:2: 768 daAuts
     D:4: 526 daAuts
